 Dungeon Crawl Stone Soup version 0.21-a0-55-gb612c23 (webtiles) character file.

133 Minorbread the Ruffian (level 4, -3/45 HPs)
             Began as a Troll Monk on June 14, 2017.
             Killed from afar by an orc wizard (9 damage)
             ... with a magic dart
             ... on level 3 of the Dungeon.
             The game lasted 00:02:50 (1719 turns).

Minorbread the Ruffian (Troll Monk)                 Turns: 1719, Time: 00:02:51

Health: -3/45      AC:  5    Str: 19    XL:     4   Next: 93%
Magic:  3/3        EV: 10    Int:  6    God:
Gold:   84         SH:  0    Dex: 13    Spells: 3/3 levels left

rFire    . . .     SeeInvis .     - Unarmed
rCold    . . .     Gourm    +   (no shield)
rNeg     . . .     Faith    .   a - +0 robe
rPois    .         Spirit   .   (helmet restricted)
rElec    .         Reflect  .   (no cloak)
rCorr    .         Harm     .   (gloves unavailable)
MR       .....                  (boots unavailable)
Stlth    ++........             (no amulet)
HPRegen  0.55/turn              (no ring)
MPRegen  0.08/turn              (no ring)

@: no status effects
A: unfitting armour, claws 3, fast metabolism 3, gourmand, regeneration 1,
shaggy fur 1, tough skin 2
a: no special abilities


You were on level 3 of the Dungeon.
You were completely stuffed.

You visited 1 branch of the dungeon, and saw 3 of its levels.

You collected 84 gold pieces.

Inventory:

Armour
 a - a +0 robe (worn)
Jewellery
 j - an uncursed ring of protection from cold {unknown}
 o - a cursed ring of teleportation {unknown}
Wands
 s - a wand of polymorph (20/24)
Scrolls
 c - a scroll of noise {unknown}
 e - 4 scrolls of identify {unknown}
 g - 2 scrolls of remove curse {unknown}
 h - 3 scrolls of teleportation {unknown}
 m - 2 scrolls of recharging {unknown}
Potions
 d - a potion of heal wounds {unknown}
 f - 3 potions of might {unknown}
 k - a potion of curing {unknown}
 n - a potion of ambrosia {unknown}
 p - a potion of berserk rage {unknown}
 q - 2 potions of haste {unknown}
Comestibles
 b - 4 bread rations
 i - 2 royal jellies
 l - 2 fruits
 r - 4 chunks of flesh


   Skills:
 + Level 3.3 Fighting
 - Level 2.4 Dodging
 - Level 1.0 Stealth
 * Level 5.0 Unarmed Combat


You had 3 spell levels left.
You didn't know any spells.

Dungeon Overview and Level Annotations

Branches:
Dungeon (3/15)

Altars:
Gozag
Yredelemnul


Innate Abilities, Weirdness & Mutations

You are too large for most types of armour.
You have claws for hands.
Your metabolism is lightning-fast.
You like to eat raw meat.
Your natural rate of healing is unusually fast.
You are covered in fur. (AC +1)
You have very tough skin. (AC +2)


Message History

The orc is severely wounded.
The orc completely misses you. The orc barely misses you.
You barely miss the orc. You claw the orc.
You kill the orc!
Your Unarmed Combat skill increases to level 5!
The orc hits you with a dagger.
* * * LOW HITPOINT WARNING * * *
The orc wizard gestures wildly while chanting.
The orc wizard blinks!
Found a scroll labeled WUDE PAXYATOF.
Things that are here:
a mace; an orc corpse You barely miss the orc.
The orc hits you with a war axe!
* * * LOW HITPOINT WARNING * * *
The orc hits you but does no damage. x2
The orc wizard gestures wildly while chanting.
The orc wizard blinks!
The orc wizard casts a spell at you. The magic dart hits you!
You die...

..#######
#.............
..#
#.............
###
#............. #
. ##............
# ..
######........ #
..#.............
#.#.#.#.#.#.#....
......o.o........
#<#.#.#o#@#.#....
...§..So)o.......
#.#.#.#o#.#.#....
....§.o.........
#.#.#.#.#.#.#....
# ###.......#####
. ......#
.........# ..
.....?.#


You could see an orc priest, an orc wizard, an adder and 4 orcs.

Vanquished Creatures
  An orc priest (D:3)
  4 adders
  2 oozes (D:1)
  2 worms
  A dart slug (D:2)
  6 orcs (D:3)
  2 giant cockroaches
  3 goblins
  4 hobgoblins
  4 jackals (D:3)
  4 kobolds
  2 quokkas (D:2)
  4 bats
  4 frilled lizards
  5 rats
48 creatures vanquished.

Notes
Turn   | Place    | Note
-------+----------+-------------------------------------------
     0 | D:1      | Minorbread the Troll Monk began the quest for the Orb.
     0 | D:1      | Reached XP level 1. HP: 22/22 MP: 0/0
   145 | D:1      | Reached XP level 2. HP: 16/29 MP: 1/1
   576 | D:1      | Found a basalt altar of Yredelemnul.
   872 | D:1      | Reached XP level 3. HP: 36/36 MP: 2/2
   908 | D:1      | Reached skill level 4 in Unarmed Combat
  1115 | D:2      | Found an opulent altar of Gozag.
  1245 | D:2      | Reached XP level 4. HP: 39/45 MP: 3/3
  1624 | D:3      | Found a faded altar of an unknown god.
  1716 | D:3      | Reached skill level 5 in Unarmed Combat
  1719 | D:3      | Killed from afar by an orc wizard

Vault maps used:
D:1:      sevenhm_arrival_forest_fort_small_4, kennysheep_flooded_box,
          st_stairs_4, minmay_fountain_box
D:2:      grunt_gozag_statues, first_bread, eino_tiny_chamber
D:3:      chequers_ecumenical_altar_twisty, st_stairs_12

Skill      XL: |  1  2  3  4 |
---------------+-------------+-----
Unarmed Combat | 4 5 |  5.0
Fighting       | 3 |  3.3
Dodging        | |  2.4
Stealth        | |  1.0

Action                   |  1- 3 |  4- 6 || total
-------------------------+-------+-------++-------
Melee: Unarmed           |    67 |    47 ||   114
       Punch             |     1 |     2 ||     3
 Stab: Sleeping          |     1 |     1 ||     2
  Eat: Chunk             |    11 |    10 ||    21
Armor: Robe              |    25 |    41 ||    66
Dodge: Dodged            |    32 |    46 ||    78
